 Dungeon Crawl Stone Soup version 0.25-a0-105-g2289b3b9f1 (webtiles) character file.

Game seed: 7236965358615447587, levelgen mode: deterministic

107 vurker the Magician (level 4, -5/32 HPs)
             Began as a Mummy Fire Elementalist on Nov 16, 2019.
             Slain by a worker ant (6 damage)
             ... on level 3 of the Dungeon.
             The game lasted 00:03:40 (2635 turns).

vurker the Magician (Mummy Fire Elementalist)       Turns: 2635, Time: 00:03:41

Health: -5/32      AC:  3    Str: 11    XL:     4   Next: 56%
Magic:  2/9        EV: 12    Int: 15    God:
Gold:   60         SH:  0    Dex: 12    Spells: 9/10 levels left

rFire    . . .     SeeInvis .   g - +0 dagger
rCold    + + .     Gourm    .   (no shield)
rNeg     + + +     Faith    .   a - +0 robe
rPois    ∞         Spirit   .   (no helmet)
rElec    .         Reflect  .   m - scarf {rC+ rF+}
rCorr    .         Harm     +   f - +0 pair of gloves
MR       .....                  (no boots)
Stlth    ++........             c - amulet of harm
HPRegen  0.10/turn              (no ring)
MPRegen  0.11/turn              (no ring)

@: no status effects
A: no food or potions, fire vulnerability, cold resistance 1, negative energy
resistance 3, torment resistance, unbreathing
a: no special abilities


You were on level 3 of the Dungeon.
You were not hungry.

You visited 1 branch of the dungeon, and saw 4 of its levels.

You collected 60 gold pieces.

Inventory:

Hand Weapons
 g - a +0 dagger (weapon)
   (You took it off a kobold on level 1 of the Dungeon)
Armour
 a - a +0 robe (worn)
 f - a +0 pair of gloves (worn)
   (You found it on level 1 of the Dungeon)
 m - a scarf of resistance (worn)
   (You found it on level 2 of the Dungeon)
Jewellery
 c - an amulet of harm (around neck)
   (You found it on level 1 of the Dungeon)
Scrolls
 b - 2 scrolls of amnesia {unknown}
 d - 3 scrolls of identify {unknown}
 e - a scroll of random uselessness {unknown}
 h - 2 scrolls of enchant armour {unknown}
 i - a scroll of fear {unknown}
 j - 2 scrolls of enchant weapon {unknown}
 k - 2 scrolls of remove curse {unknown}
 l - 2 scrolls of magic mapping {unknown}
 n - a scroll of teleportation {unknown}


   Skills:
 + Level 1.1 Fighting
 - Level 1.5 Dodging
 - Level 1.5 Stealth
 * Level 3.9 Spellcasting
 * Level 2.0 Conjurations
 * Level 3.1 Fire Magic


You had 9 spell levels left.
You knew the following spells:

 Your Spells              Type           Power        Failure   Level  Hunger
a - Flame Tongue          Conj/Fire      ##...        6%          1    N/A

Your spell library contained the following spells:

 Spells                   Type           Power        Failure   Level  Hunger
 Throw Flame              Conj/Fire      ##....       10%         2    N/A
 Conjure Flame            Conj/Fire      ##......     19%         3    N/A
 Inner Flame              Hex/Fire       #.......     28%         3    N/A
 Sticky Flame             Conj/Fire      ##......     52%         4    N/A
 Fireball                 Conj/Fire      ##........   86%         5    N/A

Dungeon Overview and Level Annotations

Branches:
Dungeon (4/15)
 Temple: D:4-7

Altars:
Fedhas
Ru
Uskayaw
The Shining One


Innate Abilities, Weirdness & Mutations

You do not eat or drink.
Your flesh is vulnerable to fire.
You are immune to poison.
Your flesh is cold resistant. (rC+)
You are immune to negative energy. (rN+++)
You are immune to unholy pain and torment.
You can survive without breathing.


Message History

Aim: a jackal skeleton The flame tongue hits the jackal skeleton.
The jackal skeleton bites you.
The jackal skeleton bites you but does no damage.
Aim: a jackal skeleton (lightly damaged)
The flame tongue hits the jackal skeleton!
You destroy the jackal skeleton!
You can't see any susceptible monsters within range! (Use Z to cast anyway.)
You can't see any susceptible monsters within range! (Use Z to cast anyway.)
A worker ant comes into view.
Aim: a worker ant (hasn't noticed you)
The flame tongue hits the worker ant.
The worker ant twitches its antennae in your direction.
A worker ant comes into view.
Aim: a worker ant (lightly wounded)
The flame tongue misses the worker ant.
The worker ant bites you! The worker ant barely misses you.
Aim: a worker ant (lightly wounded)
The flame tongue hits the worker ant.
The worker ant misses you. The worker ant closely misses you.
Aim: a worker ant (heavily wounded)
The flame tongue misses the worker ant.
The worker ant bites you. The worker ant barely misses you.
Aim: a worker ant (heavily wounded)
The flame tongue hits the worker ant.
The worker ant completely misses you. The worker ant bites you.
The worker ant barely misses you.
Aim: a worker ant (heavily wounded)
The flame tongue hits the worker ant.
The worker ant closely misses you. The worker ant bites you. x2
* * * LOW HITPOINT WARNING * * *
The worker ant barely misses you. The worker ant closely misses you.
The worker ant bites you.
* * * LOW HITPOINT WARNING * * *
Your magical contamination has completely faded away.
There is a stone staircase leading up here.
The worker ant barely misses you.
You climb upwards.
There is a stone staircase leading down here.
The worker ant barely misses you.
You see here 19 sling bullets.
The worker ant closely misses you. The worker ant bites you.
* * * LOW HITPOINT WARNING * * *
Aim: a worker ant The flame tongue hits the worker ant.
The worker ant bites you.
* * * LOW HITPOINT WARNING * * *
Aim: a worker ant (moderately wounded)
The flame tongue misses the worker ant.
The worker ant bites you.
You die...

#...............).##...#..
#........###.........#....
#.................########
#........###..##..# #
#........###..##.### ##
#........##........######.
########.#................
#a#.....(..........
#.@.#####...##.<...
##........###..)...
##................
##....###..........
###...### ##.........
#...### #......... #.###
#......... #.#
####...<..... #.#
###........#...


You could see a worker ant.

Vanquished Creatures
  Terence (D:3)
  2 adders (D:2)
  An ooze (D:2)
  2 worms
  3 dart slugs
  A leopard gecko (D:2)
  2 giant cockroaches (D:2)
  6 goblins
  6 hobgoblins
  7 bats
  3 frilled lizards
  A jackal skeleton (D:4)
  8 kobolds
  5 rats
48 creatures vanquished.

Notes
Turn   | Place    | Note
-------+----------+-------------------------------------------
     0 | D:1      | vurker the Mummy Fire Elementalist began the quest for the
                  | Orb.
     0 | D:1      | Reached XP level 1. HP: 13/13 MP: 4/4
   305 | D:1      | Reached skill level 1 in Conjurations
   646 | D:1      | Reached XP level 2. HP: 19/19 MP: 4/6
  1283 | D:2      | Reached XP level 3. HP: 25/25 MP: 5/7
  1448 | D:2      | Found a sacrificial altar of Ru.
  1570 | D:2      | Found a sacrificial altar of Ru.
  1979 | D:3      | Found a faded altar of an unknown god.
  2000 | D:3      | Reached skill level 1 in Fighting
  2074 | D:3      | Found a glowing golden altar of the Shining One.
  2185 | D:3      | Reached XP level 4. HP: 32/32 MP: 6/9
  2453 | D:3      | Noticed Terence
  2461 | D:3      | Killed Terence
  2509 | D:3      | Found a blossoming altar of Fedhas.
  2591 | D:4      | Found a hide-covered altar of Uskayaw.
  2634 | D:3      | HP: 1/32 [worker ant (4)]
  2635 | D:3      | Slain by a worker ant

Levels and vault maps discovered:
D:1:      psy_arrival_spokes, layout_loops_ring
D:2:      layout_loops_ring, overflow_temple_1_default, first_ration,
          nicolae_ru_awakened_eye
D:3:      layout_rooms, nicolae_tso_carved_into_rock, old_standard_altar,
          chequers_ecumenical_altar_simple, grunt_ministairs_14, uniq_terence
D:4:      layout_loops_ring, cheibriados_altar_1, kennysheep_mini_moat,
          temple_green, serial_forest, infiniplex_forest_lined_room_3,
          infiniplex_forest_zigzag_1, infiniplex_forest_straight_2,
          infiniplex_forest_straight_4, infiniplex_forest_lined_2,
          infiniplex_forest_lined_corner, infiniplex_forest_lined_3,
          infiniplex_forest_clump_small, infiniplex_forest_lined_2,
          dk_rats_in_the_wall, uniq_crazy_yiuf_cottage

Skill      XL: |  1  2  3  4 |
---------------+-------------+-----
Conjurations   | 1 2 |  2.0
Spellcasting   | 3 |  3.9
Fighting       | 1 |  1.1
Fire Magic     | 3 |  3.1
Dodging        | |  1.5
Stealth        | |  1.5

Action                   |  1- 3 |  4- 6 || total
-------------------------+-------+-------++-------
Melee: Unarmed           |     4 |       ||     4
       Dagger            |     2 |       ||     2
 Cast: Flame Tongue      |    74 |    28 ||   102
Armor: Robe              |    12 |     1 ||    13
Dodge: Dodged            |    30 |    14 ||    44

Table legend:
 A = Non-vault XP
 B = Vault XP
 C = Vault XP percentage of total XP
 D = Non-vault monster count
 E = Vault monster count
 F = Vault count percentage of total count
                 A         B        C        D         E       F
            +---------+---------+-------+---------+---------+-------
      Total |     113 |      40 |  26.1 |      45 |       3 |   6.2
            +---------+---------+-------+---------+---------+-------
        D:1 |      24 |       0 |   0.0 |      16 |       0 |   0.0
        D:2 |      62 |       0 |   0.0 |      16 |       0 |   0.0
        D:3 |      26 |      40 |  60.6 |      12 |       3 |  20.0
        D:4 |       1 |       0 |   0.0 |       1 |       0 |   0.0
            +---------+---------+-------+---------+---------+-------
